 Dungeon Crawl Stone Soup version 0.23-a0-650-ga4d50d4 (webtiles) character file.

6579 Lilu the Blocker (level 11, -2/87 HPs)
             Began as a Gnoll Fighter on Jan 4, 2019.
             Was a High Priest of Okawaru.
             Succumbed to Sonja's poison
             ... on level 10 of the Dungeon.
             The game lasted 00:23:54 (9158 turns).

Lilu the Blocker (Gnoll Fighter)                    Turns: 9158, Time: 00:23:55

Health: -2/87      AC: -2    Str: 21    XL:     11   Next: 1%
Magic:  28/28      EV:  8    Int:  7    God:    Okawaru [*****.]
Gold:   602        SH: 19    Dex: 16    Spells: 21/21 levels left

rFire    x . .     SeeInvis +   l - +2 trident (pierce)
rCold    + . .     Gourm    .   K - +2 large shield {reflect}
rNeg     . . .     Faith    +   h - +0 chain mail
rPois    .         Spirit   .   n - +0 helmet
rElec    .         Reflect  +   (no cloak)
rCorr    .         Harm     .   v - +0 pair of gloves
MR       .....                  (no boots)
Stlth    ..........             r - amulet of faith
HPRegen  0.24/turn              B - ring of the Meadowlark {+Blink MP+9 Int-3 SInv}
MPRegen  0.21/turn              J - ring of ice

@: lethally poisoned (-2 -> -29), corroded, slowed, very slow
A: distributed training, fangs 1, strong nose
a: Heroism, Finesse, Renounce Religion, Evoke Blink


You were on level 10 of the Dungeon.
You worshipped Okawaru.
Okawaru was extremely pleased with you.
You were hungry.

You visited 1 branch of the dungeon, and saw 10 of its levels.

You collected 602 gold pieces.

Inventory:

Hand Weapons
 l - a +2 trident of piercing (weapon)
 z - the +12 Vampire's Tooth {vamp}
   (You found it on level 7 of the Dungeon)

   It inflicts no extra harm, but heals its wielder when it wounds a living foe.
Missiles
 g - 8 javelins
 i - 3 poisoned javelins (quivered)
Armour
 h - a +0 chain mail (worn)
 n - a +0 helmet (worn)
 v - a +0 pair of gloves (worn)
 K - a +2 large shield of reflection (worn)
Magical Staves
 q - an uncursed staff of fire
 D - an uncursed staff of poison
Jewellery
 a - an uncursed amulet of the gourmand {unknown}
 r - an amulet of faith (around neck)
 w - a +5 amulet of reflection {unknown}
 B - the ring of the Meadowlark (left hand) {+Blink MP+9 Int-3 SInv}
   (You found it on level 7 of the Dungeon)

   [ring of magical power]

   It affects your intelligence (-3).
   It affects your magic capacity (+9).
   It lets you see invisible.
   It lets you blink.
 J - a ring of ice (right hand)
Wands
 b - a wand of flame (18)
 u - a wand of iceblast (10)
 F - a wand of disintegration (9)
Scrolls
 c - a scroll of magic mapping {unknown}
 e - 6 scrolls of teleportation
 k - 4 scrolls of remove curse
 y - a scroll of blinking
 C - a scroll of amnesia
 E - a scroll of enchant weapon
 I - 2 scrolls of identify
Potions
 d - 3 potions of might
 j - 2 potions of lignification
 m - 3 potions of invisibility
 o - 2 potions of cancellation
 p - a potion of ambrosia
 s - 3 potions of heal wounds
 t - a potion of haste
 x - 2 potions of brilliance
 A - a potion of flight {unknown}
 H - a potion of curing {unknown}
 L - a potion of agility {unknown}
Comestibles
 f - 22 rations
 G - a chunk of flesh


   Skills:
 + Level 8.8 Fighting
 + Level 5.7 Short Blades
 + Level 5.7 Long Blades
 + Level 5.7 Axes
 + Level 5.7 Maces & Flails
 + Level 7.4 Polearms
 + Level 5.7 Staves
 + Level 5.7 Slings
 + Level 5.7 Bows
 + Level 5.7 Crossbows
 + Level 5.7 Throwing
 + Level 8.8 Armour
 + Level 5.7 Dodging
 + Level 5.7 Stealth
 + Level 8.8 Shields
 + Level 5.7 Unarmed Combat
 + Level 5.7 Spellcasting
 + Level 4.7 Conjurations
 + Level 4.7 Hexes
 + Level 4.7 Charms
 + Level 4.7 Summonings
 + Level 4.7 Necromancy
 + Level 4.7 Translocations
 + Level 4.7 Transmutations
 + Level 4.7 Fire Magic
 + Level 4.7 Ice Magic
 + Level 4.7 Air Magic
 + Level 4.7 Earth Magic
 + Level 4.7 Poison Magic
 + Level 6.3 Invocations
 + Level 5.7 Evocations


You had 21 spell levels left.
You didn't know any spells.
Your spell library was empty.

Dungeon Overview and Level Annotations

Branches:
Dungeon (10/15)            Temple (0/1) D:4            Lair (0/6) D:9
    Orc: D:9-12

Altars:
Ashenzari
Gozag
Hepliaklqana
Kikubaaqudgha
Makhleb
Okawaru
Xom

Annotations:
D:8 3 runed doors, Killmatronix's ghost, novice TrTm
D:10 Sonja


Innate Abilities, Weirdness & Mutations

Your experience applies equally to all skills.
You have very sharp teeth.
Your uncanny sense of smell can sniff out nearby items.


Message History

It begins to drip with poison!
You block Sonja's attack. x3
You feel much better.
You feel sick. You block the jelly's attack. You block Sonja's attack.
Sonja closely misses you.
Sonja hits you with a +1 short sword of venom.
You are more poisoned.
You block the jelly's attack. The jelly hits you.
You are splashed with acid!
The acid burns!
* * * LOW HITPOINT WARNING * * *
Sonja hits you with a +1 short sword of venom.
* * * LOW HITPOINT WARNING * * *
Sonja hits you with a +1 short sword of venom.
* * * LOW HITPOINT WARNING * * *
You are more poisoned.
Sonja hits you with a +1 short sword of venom.
* * * LOW HITPOINT WARNING * * *
The jelly hits you.
* * * LOW HITPOINT WARNING * * *
You are splashed with acid!
The acid burns!
* * * LOW HITPOINT WARNING * * *
You die...

......#. .
....#.. .. .≈
...(.# .## ≈..
....# ... ....
#...##.#
#..##......#
###.......(#
#......<...#
..#.....(@.#∆
#.....J..#
#......KJ#
......).....
...........#..#
........(.....#
........(....##
...........##
...####.#.#


You could see Sonja and 2 jellies.

Vanquished Creatures
  A two-headed ogre (D:9)
  The ghost of Phong the Timeless, a novice OpSu of Cheibriados (D:9)
  A komodo dragon (D:9)
  A hungry ghost (D:10)
  3 wyverns
  4 vampire mosquitoes (D:9)
  A water moccasin (D:6)
  A sky beast (D:7)
  4 orc warriors
  3 phantoms
  3 black bears
  5 ogres
  An ice beast (D:7)
  5 centaurs
  A big kobold (D:9)
  Blork the orc (D:4)
  A bullfrog (D:7)
  5 scorpions
  4 crimson imps
  2 bullfrog zombies (D:9)
  4 orc priests
  4 hounds
  4 jellies
  A gnoll shaman (D:9)
  9 orc wizards
  A centaur skeleton (D:4)
  A bullfrog skeleton (D:6)
  6 iguanas
  8 worker ants
  A hound skeleton (D:7)
  2 worker ant zombies
  A howler monkey zombie (D:9)
  8 gnolls
  4 adders
  3 shadow imps
  An ooze (D:6)
  3 worms
  3 leopard geckos (D:5)
  23 orcs
  8 bats
  6 giant cockroaches
  A goblin (D:3)
  3 hobgoblins
  8 jackals
  2 kobolds (D:2)
  3 ball pythons
  2 frilled lizards
  A jackal skeleton (D:7)
  A leopard gecko skeleton (D:6)
  3 rats
173 creatures vanquished.

Vanquished Creatures (others)
  A centaur (D:10)
  A plant (D:9)
2 creatures vanquished.

Grand Total: 175 creatures vanquished

Notes
Turn   | Place    | Note
-------+----------+-------------------------------------------
     0 | D:1      | Lilu the Gnoll Fighter began the quest for the Orb.
     0 | D:1      | Reached XP level 1. HP: 23/23 MP: 1/1
   119 | D:1      | Reached XP level 2. HP: 29/29 MP: 2/2
   547 | D:2      | Found an iron altar of Okawaru.
   555 | D:2      | Became a worshipper of Warmaster Okawaru
   649 | D:2      | Reached XP level 3. HP: 35/35 MP: 3/3
   686 | D:2      | Reached skill level 1 in Invocations
   707 | D:2      | Reached skill level 1 in Short Blades
   707 | D:2      | Reached skill level 1 in Long Blades
   707 | D:2      | Reached skill level 1 in Axes
   707 | D:2      | Reached skill level 1 in Maces & Flails
   707 | D:2      | Reached skill level 1 in Staves
   707 | D:2      | Reached skill level 1 in Slings
   707 | D:2      | Reached skill level 1 in Bows
   707 | D:2      | Reached skill level 1 in Crossbows
   707 | D:2      | Reached skill level 1 in Throwing
   707 | D:2      | Reached skill level 1 in Dodging
   707 | D:2      | Reached skill level 1 in Stealth
   707 | D:2      | Reached skill level 1 in Unarmed Combat
   707 | D:2      | Reached skill level 1 in Spellcasting
   707 | D:2      | Reached skill level 1 in Evocations
   707 | D:2      | Reached XP level 4. HP: 41/41 MP: 5/5
  1090 | D:2      | Found a faded altar of an unknown god.
  2020 | D:4      | Reached skill level 1 in Conjurations
  2020 | D:4      | Reached skill level 1 in Hexes
  2020 | D:4      | Reached skill level 1 in Charms
  2020 | D:4      | Reached skill level 1 in Summonings
  2020 | D:4      | Reached skill level 1 in Necromancy
  2020 | D:4      | Reached skill level 1 in Translocations
  2020 | D:4      | Reached skill level 1 in Transmutations
  2020 | D:4      | Reached skill level 1 in Fire Magic
  2020 | D:4      | Reached skill level 1 in Ice Magic
  2020 | D:4      | Reached skill level 1 in Air Magic
  2020 | D:4      | Reached skill level 1 in Earth Magic
  2020 | D:4      | Reached skill level 1 in Poison Magic
  2106 | D:4      | Reached XP level 5. HP: 21/47 MP: 5/7
  2145 | D:4      | Noticed an ogre
  2423 | D:4      | Found a staircase to the Ecumenical Temple.
  2664 | D:4      | Killed an ogre
  2664 | D:4      | Reached * piety under Okawaru
  2664 | D:4      | Reached XP level 6. HP: 10/53 MP: 8/8
  2664 | D:4      | Noticed Blork the orc
  2943 | D:4      | Killed Blork the orc
  2943 | D:4      | Reached skill level 5 in Polearms
  3264 | D:5      | Entered Level 5 of the Dungeon
  3470 | D:5      | Reached ** piety under Okawaru
  3474 | D:5      | Reached XP level 7. HP: 45/59 MP: 10/10
  3818 | D:5      | Found a shimmering altar of Xom.
  3956 | D:5      | Found a shimmering altar of Xom.
  3957 | D:5      | Found a shimmering altar of Xom.
  3958 | D:5      | Found a shimmering altar of Xom.
  4306 | D:6      | Reached XP level 8. HP: 17/67 MP: 5/12
  4860 | D:6      | Reached *** piety under Okawaru
  5415 | D:6      | Reached XP level 9. HP: 49/72 MP: 14/14
  5666 | D:7      | Found the +12 Vampire's Tooth {vamp}
  5713 | D:7      | Reached **** piety under Okawaru
  6264 | D:7      | Found a burning altar of Makhleb.
  6264 | D:7      | Found an opulent altar of Gozag.
  6578 | D:7      | Got a bound wooden ring
  6592 | D:7      | Identified the ring of the Meadowlark {+Blink MP+9 Int-3
                  | SInv} (You found it on level 7 of the Dungeon)
  6718 | D:8      | Found a shattered altar of Ashenzari.
  6998 | D:8      | Found a runed gate.
  6998 | D:8      | Found a runed gate.
  7001 | D:8      | Found a runed gate.
  7003 | D:8      | Noticed Killmatronix's ghost (novice TrTm)
  7308 | D:8      | Found an ancient bone altar of Kikubaaqudgha.
  7442 | D:9      | Reached ***** piety under Okawaru
  7442 | D:9      | Reached skill level 5 in Invocations
  7598 | D:9      | Reached XP level 10. HP: 80/80 MP: 17/17
  7914 | D:9      | Found a hazy altar of Hepliaklqana.
  7934 | D:9      | Reached skill level 5 in Short Blades
  7934 | D:9      | Reached skill level 5 in Long Blades
  7934 | D:9      | Reached skill level 5 in Axes
  7934 | D:9      | Reached skill level 5 in Maces & Flails
  7934 | D:9      | Reached skill level 5 in Staves
  7934 | D:9      | Reached skill level 5 in Slings
  7934 | D:9      | Reached skill level 5 in Bows
  7934 | D:9      | Reached skill level 5 in Crossbows
  7934 | D:9      | Reached skill level 5 in Throwing
  7934 | D:9      | Reached skill level 5 in Dodging
  7934 | D:9      | Reached skill level 5 in Stealth
  7934 | D:9      | Reached skill level 5 in Unarmed Combat
  7934 | D:9      | Reached skill level 5 in Spellcasting
  7934 | D:9      | Reached skill level 5 in Evocations
  8201 | D:9      | Found a large runed door.
  8202 | D:9      | Found a large runed door.
  8205 | D:9      | Noticed Phong's ghost (novice OpSu)
  8222 | D:9      | Killed Phong's ghost
  8422 | D:9      | Found a staircase to the Lair.
  8487 | D:9      | Received a gift from Okawaru
  8769 | D:9      | Noticed a two-headed ogre
  8788 | D:9      | Killed a two-headed ogre
  9126 | D:10     | Entered Level 10 of the Dungeon
  9130 | D:10     | Noticed Sonja
  9139 | D:10     | Reached XP level 11. HP: 86/87 MP: 19/19
  9155 | D:10     | HP: 3/87 [acid (9)]
  9158 | D:10     | Succumbed to Sonja's poison

Vault maps used:
D:1:      mrwooster_arrival_statue_3, minmay_misc_feat_hallway,
          chequers_serial_rivers_room_a
D:2:      old_standard_altar, chequers_ecumenical_altar_simple_redux
D:3:      serial_aquarium, aquarium_bridge_square, aquarium_window_1,
          aquarium_window_2, aquarium_window_corridor_3, aquarium_view_4,
          aquarium_view_2b, aquarium_pool_corner
D:4:      minmay_temple_entry_ruins, minivault_11, uniq_blork_the_orc
D:5:      first_ration, xom_redecorated
D:6:      minmay_chambers_of_fives
D:7:      gammafunk_temple_overflow_pools
D:8:      kennysheep_little_box, ashenzari_altar_1, gammafunk_ghost_necromancy
D:9:      overflow_temple_1_default, david_lair_shrubbed,
          ebering_ghost_disaster_area, blue_anna_alchemist,
          chequers_serial_rivers_room_a, kennysheep_generic_room_2
D:10:     cheibrodos_helix_gallery, uniq_sonja

Skill      XL: |  1  2  3  4  5  6  7  8  9 10 |
---------------+-------------------------------+-----
Invocations    | 1 2 3 4 5 6 |  6.3
Short Blades   | 1 2 3 4 5 |  5.7
Long Blades    | 1 2 3 4 5 |  5.7
Axes           | 1 2 3 4 5 |  5.7
Maces & Flails | 1 2 3 4 5 |  5.7
Staves         | 1 2 3 4 5 |  5.7
Slings         | 1 2 3 4 5 |  5.7
Bows           | 1 2 3 4 5 |  5.7
Crossbows      | 1 2 3 4 5 |  5.7
Throwing       | 1 2 3 4 5 |  5.7
Dodging        | 1 2 3 4 5 |  5.7
Stealth        | 1 2 3 4 5 |  5.7
Unarmed Combat | 1 2 3 4 5 |  5.7
Spellcasting   | 1 2 3 4 5 |  5.7
Evocations     | 1 2 3 4 5 |  5.7
Conjurations   | 1 2 3 4 |  4.7
Hexes          | 1 2 3 4 |  4.7
Charms         | 1 2 3 4 |  4.7
Summonings     | 1 2 3 4 |  4.7
Necromancy     | 1 2 3 4 |  4.7
Translocations | 1 2 3 4 |  4.7
Transmutations | 1 2 3 4 |  4.7
Fire Magic     | 1 2 3 4 |  4.7
Ice Magic      | 1 2 3 4 |  4.7
Air Magic      | 1 2 3 4 |  4.7
Earth Magic    | 1 2 3 4 |  4.7
Poison Magic   | 1 2 3 4 |  4.7
Polearms       | 5 6 7 |  7.4
Fighting       | 7 8 |  8.8
Armour         | 7 8 |  8.8
Shields        | 7 8 |  8.8

Action                   |  1- 3 |  4- 6 |  7- 9 | 10-12 || total
-------------------------+-------+-------+-------+-------++-------
Melee: Trident           |    72 |   167 |   393 |   179 ||   811
       Bite              |    10 |    15 |    47 |    25 ||    97
Invok: Heroism           |       |       |     5 |     4 ||     9
       Finesse           |       |       |       |     3 ||     3
  Use: Scroll            |       |     8 |     8 |       ||    16
       Potion            |       |       |       |     2 ||     2
  Eat: Chunk             |       |     5 |    13 |     7 ||    25
       Ration            |       |     1 |       |       ||     1
Armor: Scale mail        |    27 |    30 |     4 |       ||    61
       Chain mail        |       |       |   114 |    53 ||   167
Dodge: Dodged            |    15 |    36 |    96 |    58 ||   205
Block: Shield            |    29 |    72 |   180 |    61 ||   342
       Large shield      |       |       |       |    36 ||    36
       Reflection        |       |       |       |     4 ||     4

Table legend:
 A = Non-vault XP
 B = Vault XP
 C = Vault XP percentage of total XP
 D = Non-vault monster count
 E = Vault monster count
 F = Vault count percentage of total count
                 A         B        C        D         E       F
            +---------+---------+-------+---------+---------+-------
      Total |    7682 |    1717 |  18.3 |     165 |       9 |   5.2
            +---------+---------+-------+---------+---------+-------
        D:1 |      18 |       0 |   0.0 |      12 |       0 |   0.0
        D:2 |      76 |       0 |   0.0 |      15 |       0 |   0.0
        D:3 |      23 |       0 |   0.0 |      10 |       0 |   0.0
        D:4 |     255 |      91 |  26.3 |       9 |       1 |  10.0
        D:5 |     577 |       0 |   0.0 |      20 |       0 |   0.0
        D:6 |    1168 |     210 |  15.2 |      22 |       3 |  12.0
        D:7 |     733 |       0 |   0.0 |      21 |       0 |   0.0
        D:8 |     933 |       0 |   0.0 |      11 |       0 |   0.0
        D:9 |    3588 |    1416 |  28.3 |      43 |       5 |  10.4
       D:10 |     311 |       0 |   0.0 |       2 |       0 |   0.0
            +---------+---------+-------+---------+---------+-------
